 Dungeon Crawl Stone Soup version 0.19.1-1-g22dce08 (webtiles) character file.

81 pib the Insei (level 4, -8/35 HPs)
             Began as a Merfolk Transmuter on Jan 6, 2017.
             Was a Follower of Uskayaw.
             Killed by divine providence
             ... invoked by an orc priest
              (11 damage)
             ... on level 2 of the Dungeon.
             The game lasted 00:04:59 (1631 turns).

pib the Insei (Merfolk Transmuter)                  Turns: 1631, Time: 00:04:59

Health: -8/35      AC:  2    Str: 10    XL:     4   Next: 42%
Magic:  7/7        EV: 13    Int: 12    God:    Uskayaw [*.....]
Gold:   112        SH:  0    Dex: 15    Spells: 1 memorised, 6 levels left

rFire  . . .     SeeInvis .       - Unarmed
rCold  . . .     Gourm    .     b - +0 robe
rNeg   . . .     Faith    .     (no shield)
rPois  .         Spirit   .     (no helmet)
rElec  .         Reflect  .     (no cloak)
rCorr  .         Harm     .     (no gloves)
MR     .....                    (no boots)
Stlth  +.........               (no amulet)
                                (no ring)
                                (no ring)

@: no status effects
A: change form in water, swift swim, stealthy swim
a: Stomp, Renounce Religion


You were on level 2 of the Dungeon.
You worshipped Uskayaw.
Uskayaw was noncommittal.
You were not hungry.

You visited 1 branch of the dungeon, and saw 2 of its levels.

You collected 112 gold pieces.

Inventory:

Missiles
 a - 12 arrows
Armour
 b - a +0 robe (worn)
 h - a cursed +0 ring mail
Scrolls
 e - 2 scrolls of fog {unknown}
 f - a scroll of remove curse {unknown}
 g - a scroll of noise {unknown}
 i - 2 scrolls of magic mapping {unknown}
 l - 2 scrolls of random uselessness {unknown}
 n - a scroll of identify {unknown}
 t - a scroll of enchant armour {unknown}
Potions
 j - a potion of curing {unknown}
 m - a potion of lignification {unknown}
 p - a potion of haste {unknown}
 q - a potion of mutation {unknown}
 s - a potion of heal wounds {unknown}
Books
 c - a book of Changes

   Spells                             Type                      Level
   a - Beastly Appendage              Transmutation                1
   b - Sticks to Snakes               Transmutation                2
   c - Spider Form                    Transmutation/Poison         3
   d - Ice Form                       Ice/Transmutation            4
   e - Blade Hands                    Transmutation                5
Comestibles
 d - 2 bread rations
 k - a beef jerky
 o - a meat ration
 r - 2 chunks of flesh


   Skills:
 + Level 3.1 Fighting
 - Level 2.6 Dodging
 - Level 4.2 Unarmed Combat
 + Level 2.2 Spellcasting
 + Level 3.1 Transmutations


You had 6 spell levels left.
You knew the following spells:

 Your Spells              Type           Power        Failure   Level  Hunger
a - Beastly Appendage     Tmut           #.....       10%         1    ##.....


Dungeon Overview and Level Annotations

Branches:
Dungeon (2/15)

Altars:
Hepliaklqana
Kikubaaqudgha
Uskayaw

Annotations:
D:2 Sigmund


Message History

The orc priest invokes the aid of Beogh against you.
Beogh smites you!
* * * LOW HITPOINT WARNING * * *
You hear a shout!
The orc wizard points at you and mumbles some strange words.
The magic dart hits you!
* * * LOW HITPOINT WARNING * * *
The orc wizard mumbles some strange words.
The orc wizard blinks!
Okay, then.
You aren't carrying any items that you can evoke.
Unknown command.
A kobold comes into view. It is wielding a dagger.
The kobold shouts!
The kobold throws a stone.
The stone hits you but does no damage.
Found a twisted iron wand.
You see here a stone.
The orc priest mumbles some strange prayers to Beogh against you.
Beogh smites you!
You die...

#.##.#.# #(#.#. #.##.#.#
#...o. #.##.#.# ###.##
#.##.#.# #.##
#......#####o##
####.....o.#.##
#############..####.#.##
..........o.o..# ##.#.##
./.....@(.####.###....##
.########.# #..o.o...##
#.# #.###...### #.#
#.####..... #.#
#.....).### #.#
#.##...(..( #K#
#.##.#.###( #.# #.##.#.#
## #. #.#.#


You could see 2 orc priests.

Vanquished Creatures
  An orc priest (D:2)
  An adder (D:2)
  A dart slug (D:1)
  A ball python (D:1)
  5 bats
  3 giant cockroaches
  8 goblins
  3 hobgoblins
  5 kobolds (D:2)
  6 frilled lizards
  7 rats
41 creatures vanquished.

Notes
Turn   | Place    | Note
-------+----------+-------------------------------------------
     0 | D:1      | pib the Merfolk Transmuter began the quest for the Orb.
     0 | D:1      | Reached XP level 1. HP: 15/15 MP: 3/3
   118 | D:1      | Reached XP level 2. HP: 22/22 MP: 3/5
   853 | D:2      | Reached XP level 3. HP: 22/28 MP: 4/6
   916 | D:2      | Found an ancient bone altar of Kikubaaqudgha.
   984 | D:2      | Reached skill level 4 in Unarmed Combat
  1154 | D:2      | Found a hide-covered altar of Uskayaw.
  1251 | D:2      | Became a worshipper of Uskayaw the Reveler
  1371 | D:2      | Found a hazy altar of Hepliaklqana.
  1463 | D:2      | Reached * piety under Uskayaw
  1518 | D:2      | Noticed Sigmund
  1595 | D:2      | Reached XP level 4. HP: 17/35 MP: 7/7
  1595 | D:2      | Reached ** piety under Uskayaw
  1609 | D:2      | HP: 1/35 [orc wizard/magic dart (9)]
  1631 | D:2      | Killed from afar by an orc priest

Skill      XL: |  1  2  3 |
---------------+----------+-----
Fighting       | 2 3 |  3.1
Unarmed Combat | 4 |  4.2
Transmutations | 3 |  3.1
Dodging        | |  2.6
Spellcasting   | |  2.2

Action                   |  1- 3 |  4- 6 || total
-------------------------+-------+-------++-------
Melee: Unarmed           |   139 |     1 ||   140
       Headbutt          |    18 |     1 ||    19
       Punch             |     2 |       ||     2
 Cast: Beastly Appendage |    22 |       ||    22
 Stab: Sleeping          |     1 |       ||     1
  Eat: Chunk             |     3 |       ||     3
Armor: Robe              |    40 |     1 ||    41
Dodge: Dodged            |   133 |       ||   133
